Map: [ESL] Babylon

Players

goblin

  • Race: Protoss Protoss
  • Spawn Location: 11:00

GunGFuBanDa - Winner!

  • Race: Protoss Protoss
  • Spawn Location: 5:00

Event: ESL SC2 Masters 2023 Summer (Regionals)

VOD

Have the link to the VOD?

Description

Time

  • Played on: May 3, 2023, 11:42 a.m.
  • Length: 15:08

All games in this series

Show
View Real Time Build Order
Export as new Build Order

goblin Protoss 

Build Orders: Oracle Opening 

Get SALT Encoding   

  12  0:00  Probe  
  13  0:12  Probe  
  14  0:18  Pylon  
  14  0:24  Probe (Chrono Boost)  
  15  0:36  Probe (Chrono Boost)  
  15  0:38  Gateway  
  16  0:45  Probe (Chrono Boost)  
  16  0:47  Assimilator  
  17  0:50  Probe  
  18  1:03  Probe (Chrono Boost)  
  19  1:04  Assimilator  
  19  1:05  Pylon  
  19  1:15  Probe (Chrono Boost)  
  20  1:20  Probe (Chrono Boost)  
  21  1:27  Cybernetics Core  
  21  1:29  Probe  
  22  1:33  Zealot  
  24  1:41  Probe  
  25  1:53  Probe  
  26  1:57  Pylon  
  26  2:04  Stargate, Adept  
  28  2:10  Probe  
  29  2:17  Warp Gate  
  29  2:22  Probe, Pylon  
  30  2:34  Stalker  
  32  2:46  Oracle (Chrono Boost)  
  35  3:01  Nexus  
  35  3:06  Stalker  
  35  3:12  Pylon  
  37  3:14  Probe  
  38  3:21  Shield Battery  
  38  3:26  Probe  
  39  3:38  Probe  
  40  3:46  Twilight Council  
  40  3:50  Probe  
  39  4:03  Probe (Chrono Boost)  
  39  4:06  Stalker  
  42  4:14  Probe (Chrono Boost)  
  42  4:15  Probe (Chrono Boost)  
  44  4:17  Blink (Chrono Boost)  
  44  4:23  Probe x2 (Chrono Boost)  
  46  4:26  Forge  
  46  4:28  Probe (Chrono Boost)  
  46  4:29  Probe  
  48  4:31  Stalker  
  50  4:40  Probe  
  50  4:41  Probe  
  52  4:46  Gateway  
  52  4:47  Gateway  
  52  4:48  Assimilator  
  52  4:53  Protoss Ground Weapons Level 1  
  52  4:54  Stalker  
  52  4:56  Probe  
  52  4:57  Probe  
  56  5:06  Pylon  
  56  5:12  Probe x2  
  58  5:21  Nexus  
  58  5:24  Stalker  
  58  5:27  Pylon  
  60  5:32  Probe x2  
  62  5:35  Photon Cannon  
  62  5:42  Stalker  
  62  5:43  Stalker  
  62  5:47  Sentry  
  62  5:48  Probe x2  
  70  5:59  Gateway  
  70  6:00  Probe x2  
  72  6:07  Stalker  
  72  6:08  Stalker  
  72  6:11  Pylon  
  76  6:12  Stalker  
  76  6:18  Robotics Facility  
  78  6:21  Pylon  
  78  6:29  Shield Battery  
  78  6:30  Probe (Chrono Boost)  
  80  6:33  Probe x2 (Chrono Boost)  
  80  6:35  Charge  
  82  6:41  Probe (Chrono Boost)  
  82  6:43  Probe (Chrono Boost)  
  82  6:45  Probe (Chrono Boost)  
  82  6:46  Probe (Chrono Boost), Stalker x2  
  85  6:49  Stalker  
  85  6:51  Probe  
  85  6:53  Probe  
  90  6:54  Protoss Ground Weapons Level 2 (Chrono Boost)  
  90  6:55  Stalker  
  90  6:58  Pylon  
  92  7:04  Probe x2  
  92  7:07  Observer (Chrono Boost)  
  95  7:09  Assimilator  
  95  7:15  Probe, Assimilator  
  96  7:16  Probe, Stalker  
  96  7:17  Stalker  
  101  7:27  Nexus, Observer  
  102  7:32  Stalker x2  
  106  7:40  Assimilator  
  106  7:42  Stalker x2  
  106  7:43  Pylon  
  110  7:54  Pylon  
  110  7:58  Gateway  
  110  8:00  Gateway  
  110  8:01  Pylon  
  110  8:02  Stalker x2  
  110  8:04  Probe x2  
  116  8:07  Stalker  
  116  8:09  Observer  
  116  8:10  Stalker  
  120  8:15  Robotics Bay  
  120  8:22  Immortal  
  124  8:31  Stalker x3  
  124  8:34  Stalker  
  132  8:35  Probe  
  132  8:36  Probe  
  132  8:40  Probe x2  
  136  8:47  Probe  
  137  8:49  Probe, Protoss Ground Weapons Level 3 (Chrono Boost), Shield Battery  
  137  8:51  Disruptor  
  137  8:52  Pylon  
  138  8:56  Photon Cannon  
  138  8:58  Pylon  
  141  9:16  Stalker x3  
  147  9:17  Stalker  
  147  9:19  Pylon, Stalker x2  
  147  9:22  Pylon  
  153  9:30  Observer  
  147  9:41  Disruptor (Chrono Boost)  
  147  9:42  Stalker  
  147  9:43  Stalker x5  
  160  9:55  Robotics Facility  
  160  9:58  Photon Cannon x2  
  160  9:59  Disruptor  
  160  10:00  Robotics Facility  
  160  10:02  Pylon  
  163  10:15  Gateway  
  163  10:16  Gravitic Boosters  
  163  10:17  Gateway  
  163  10:18  Gateway  
  163  10:21  Gateway  
  161  10:26  Disruptor  
  157  10:36  Zealot x6  
  157  10:41  Photon Cannon  
  170  10:44  Photon Cannon  
  170  10:45  Pylon  
  176  10:50  Disruptor (Chrono Boost)  
  176  10:53  Dark Shrine, Disruptor (Chrono Boost)  
  176  10:59  Disruptor (Chrono Boost)  
  179  11:06  Protoss Shields Level 1 (Chrono Boost)  
  179  11:12  Stalker x3  
  183  11:22  Nexus, Observer (Chrono Boost)  
  183  11:23  Observer (Chrono Boost)  
  183  11:24  Pylon  
  183  11:25  Zealot x4  
  185  11:26  Stalker x2  
  181  11:38  Observer  
  176  11:42  Zealot x4  
  176  11:43  Colossus  
  176  11:44  Zealot x4  
  190  11:59  Probe x2  
  190  12:00  Probe  
  193  12:10  Pylon  
  193  12:13  Pylon  
  191  12:16  Pylon  
  191  12:21  Photon Cannon  
  185  12:23  Photon Cannon  
  185  12:25  Shield Battery  
  181  12:34  Stalker x9  
  181  12:36  Probe  
  148  13:01  Disruptor (Chrono Boost)  
  148  13:05  Stalker x4  
  144  13:06  Stalker x4  
  144  13:10  Disruptor (Chrono Boost)  
  148  13:13  Probe  
  148  13:14  Probe x4  
  143  13:20  Observer  
  143  13:25  Probe  
  122  13:32  Zealot x6  
  132  13:37  Probe x4  
  132  13:38  Probe  
  137  13:48  Disruptor (Chrono Boost)  
  137  13:49  Disruptor (Chrono Boost)  
  137  13:52  Disruptor (Chrono Boost)  
  140  14:09  Probe x2  
  140  14:18  Pylon  
  140  14:20  Disruptor (Chrono Boost), Zealot x6, Observer (Chrono Boost), Stalker x2  
  140  14:22  Observer (Chrono Boost)  
  144  14:43  Zealot x2  
  124  14:54  Zealot  
  124  14:55  Zealot x6  
Show
View Real Time Build Order
Export as new Build Order

GunGFuBanDa Protoss - Winner!

Build Orders: Blink Stalkers 

Get SALT Encoding   

  12  0:00  Probe  
  13  0:12  Probe  
  14  0:17  Pylon  
  14  0:24  Probe (Chrono Boost)  
  15  0:36  Probe (Chrono Boost)  
  15  0:37  Gateway  
  16  0:43  Probe (Chrono Boost)  
  16  0:46  Assimilator  
  17  0:51  Probe  
  18  0:57  Assimilator  
  18  1:03  Probe (Chrono Boost)  
  19  1:08  Gateway  
  19  1:13  Probe (Chrono Boost)  
  20  1:18  Probe (Chrono Boost)  
  21  1:25  Cybernetics Core  
  21  1:30  Probe  
  22  1:40  Pylon  
  22  1:42  Probe  
  23  1:58  Probe  
  24  2:01  Warp Gate (Chrono Boost)  
  24  2:02  Stalker  
  24  2:03  Stalker  
  28  2:10  Probe  
  29  2:20  Pylon  
  29  2:26  Probe  
  29  2:28  Twilight Council  
  30  2:50  Nexus  
  30  2:51  Probe  
  30  2:59  Pylon  
  30  3:07  Blink  
  30  3:10  Probe  
  31  3:22  Probe (Chrono Boost)  
  32  3:27  Shield Battery  
  32  3:34  Probe (Chrono Boost)  
  33  3:39  Probe (Chrono Boost)  
  34  3:42  Stalker x2  
  37  3:49  Probe  
  36  4:03  Probe (Chrono Boost)  
  36  4:07  Probe (Chrono Boost)  
  36  4:09  Stalker  
  39  4:13  Sentry  
  43  4:18  Probe (Chrono Boost)  
  43  4:19  Probe (Chrono Boost)  
  43  4:23  Probe (Chrono Boost)  
  43  4:29  Probe (Chrono Boost)  
  45  4:33  Probe (Chrono Boost), Stalker  
  49  4:40  Pylon  
  49  4:41  Probe x2 (Chrono Boost), Stalker  
  52  4:48  Probe  
  52  4:50  Probe  
  54  4:56  Nexus  
  54  5:03  Robotics Facility  
  54  5:04  Probe  
  55  5:08  Pylon  
  55  5:12  Stalker  
  57  5:15  Stalker  
  59  5:22  Probe  
  59  5:23  Probe  
  61  5:32  Assimilator  
  61  5:34  Probe  
  61  5:35  Gateway, Forge  
  62  5:40  Shield Battery  
  62  5:44  Stalker, Sentry  
  62  5:45  Probe  
  62  5:47  Probe (Chrono Boost)  
  68  5:50  Observer  
  68  5:55  Protoss Ground Weapons Level 1 (Chrono Boost)  
  69  5:57  Probe (Chrono Boost)  
  69  6:01  Pylon  
  70  6:08  Probe (Chrono Boost)  
  70  6:10  Probe (Chrono Boost), Photon Cannon  
  72  6:13  Observer  
  72  6:16  Probe, Stalker x2  
  72  6:17  Probe  
  79  6:21  Probe (Chrono Boost)  
  79  6:23  Pylon  
  80  6:29  Probe (Chrono Boost)  
  80  6:31  Stalker  
  85  6:34  Probe (Chrono Boost)  
  85  6:36  Robotics Bay  
  85  6:38  Probe x2 (Chrono Boost)  
  86  6:46  Probe  
  88  6:47  Probe, Stalker  
  88  6:48  Probe, Stalker  
  88  6:51  Pylon  
  93  6:58  Assimilator  
  93  6:59  Probe x2  
  93  7:00  Assimilator  
  95  7:05  Probe  
  96  7:09  Gateway  
  96  7:11  Probe x2, Gateway  
  98  7:17  Probe  
  98  7:20  Gateway x2, Gravitic Boosters  
  99  7:23  Disruptor (Chrono Boost)  
  99  7:25  Stalker x3  
  108  7:33  Shield Battery  
  108  7:36  Protoss Ground Weapons Level 2 (Chrono Boost), Observer  
  108  7:37  Probe  
  108  7:40  Assimilator  
  108  7:43  Pylon  
  109  7:45  Pylon  
  109  7:46  Pylon  
  109  7:58  Disruptor  
  109  8:01  Probe x2  
  114  8:08  Photon Cannon  
  114  8:13  Nexus  
  114  8:16  Pylon  
  114  8:20  Pylon  
  114  8:22  Observer  
  114  8:24  Dark Shrine  
  114  8:27  Disruptor  
  114  8:38  Stalker x6  
  129  8:45  Probe, Stalker  
  132  8:53  Pylon  
  132  9:02  Disruptor  
  135  9:15  Photon Cannon  
  135  9:16  Stalker x3, Shield Battery  
  141  9:20  Stalker x4  
  141  9:22  Robotics Facility  
  149  9:35  Protoss Ground Weapons Level 3 (Chrono Boost)  
  149  9:38  Disruptor (Chrono Boost)  
  148  9:45  Probe x3 (Chrono Boost), Shadow Stride (Chrono Boost)  
  153  9:46  Probe (Chrono Boost)  
  153  9:55  Assimilator  
  153  9:57  Assimilator  
  153  9:58  Photon Cannon  
  155  10:03  Probe x2 (Chrono Boost)  
  155  10:06  Probe (Chrono Boost)  
  154  10:07  Gravitic Drive, Pylon  
  154  10:10  Stalker x4  
  154  10:11  Warp Prism (Chrono Boost), Stalker x2  
  158  10:32  Observer (Chrono Boost)  
  160  10:43  Dark Templar  
  160  10:44  Dark Templar x3, Observer (Chrono Boost)  
  160  10:49  Photon Cannon x2  
  168  10:50  Disruptor (Chrono Boost), Shield Battery  
  168  10:52  Pylon  
  171  10:57  Gateway  
  171  11:01  Gateway  
  171  11:07  Zealot x3  
  177  11:12  Disruptor  
  177  11:16  Probe  
  177  11:17  Probe  
  177  11:18  Photon Cannon  
  180  11:20  Dark Templar  
  180  11:23  Photon Cannon  
  180  11:25  Pylon  
  176  11:43  Stalker x3  
  176  11:44  Disruptor, Stalker x3  
  191  11:48  Disruptor  
  194  11:59  Probe  
  195  12:01  Forge  
  195  12:05  Gateway  
  195  12:06  Protoss Shields Level 1 (Chrono Boost)  
  195  12:08  Nexus  
  190  12:34  Zealot x6  
  190  12:36  Protoss Ground Armor Level 1 (Chrono Boost)  
  163  12:58  Charge (Chrono Boost)  
  147  13:11  Stalker x10  
  157  13:14  Observer  
  147  13:32  Disruptor  
  147  13:33  Disruptor  
  145  13:38  Stalker x7  
  145  13:39  Stalker x2  
  145  13:40  Stalker  
  165  13:42  Probe  
  165  13:43  Probe x2, Pylon  
  165  13:46  Probe  
  166  14:06  Zealot x10  
  166  14:09  Observer  
  187  14:23  Disruptor  
  190  14:29  Disruptor  
  193  14:41  Zealot x4  
  169  14:56  Stalker x6  
Tags
 
Add a new tag
Caveats
  • Supply blocks, unpowered buildings, or Contaminate may cause inaccurate times.
  • Supply counts are checked every 10 seconds.